 Dungeon Crawl Stone Soup version 0.30.1-11-g7821555f0a (webtiles) character file.

Game seed: 15510631433457095617

450 mageguru the Trooper (level 6, -1/56 HPs)
             Began as a Minotaur Berserker on Nov 14, 2023.
             Was a Priest of Trog.
             Slain by an orc
             ... wielding a +0 war axe
              (3 damage)
             ... on level 4 of the Dungeon.
             The game lasted 00:17:54 (3451 turns).

mageguru the Trooper (Minotaur Berserker)           Turns: 3451, Time: 00:17:57

Health: -1/56      AC: 10    Str: 23    XL:     6   Next: 74%
Magic:  5/5        EV: 12    Int:  4    God:    Trog [***...]
Gold:   124        SH:  0    Dex: 16    Spells: 5/5 levels left

rFire   . . .        K - +5 war axe
rCold   . . .        Q - +0 buckler {AC+3}
rNeg    + . .        o - +0 ring mail
rPois   .            (helmet restricted)
rElec   .            e - +0 cloak
rCorr   .            (no gloves)
SInv    .            (no boots)
Will    .....        (no amulet) Stlth
                     v - ring of positive energy
HPRegen 0.29/turn    V - +6 ring of dexterity
MPRegen 0.09/turn

%: no passive effects
@: confused, lethally poisoned (-1 -> -15), attractive
A: horns 2, retaliatory headbutt
a: Renounce Religion, Berserk, Trog's Hand


You were on level 4 of the Dungeon.
You worshipped Trog.
Trog was most pleased with you.
You visited 1 branch of the dungeon, and saw 4 of its levels.

You collected 124 gold pieces.

Inventory:

Hand Weapons
 a - a +0 spear
 c - a +0 giant club
 f - a +2 dagger of draining
 g - a +0 whip
 j - a +0 hand axe
 k - a +0 hand axe
 q - a +1 whip of venom
 t - a +0 sling
 u - a +0 falchion
 z - a +0 hand axe
 D - a +0 mace
 E - a +0 whip
 K - a +5 war axe (weapon)
 L - a +0 short sword
 N - a +0 broad axe
 U - a +0 short sword
 W - a +0 trident
 Z - a +0 flail
Missiles
 n - 6 javelins (quivered)
 r - 18 stones
 s - 8 boomerangs
Armour
 b - a +0 animal skin
 e - a +0 cloak (worn)
 o - a +0 ring mail (worn)
 C - a +0 ring mail
 I - a +0 robe
 M - a +0 leather armour
 Q - a +0 buckler of protection (worn)
 S - a +0 ring mail
 X - a +0 ring mail
 Y - a +0 leather armour
Jewellery
 v - a ring of positive energy (left hand)
 V - a +6 ring of dexterity (right hand)
Scrolls
 d - 3 scrolls of identify {unknown}
 i - a scroll of blinking {unknown}
 l - a scroll of teleportation {unknown}
 m - a scroll of enchant armour {unknown}
 p - a scroll of immolation {unknown}
 w - 3 scrolls of noise {unknown}
 y - a scroll of silence {unknown}
 F - a scroll of vulnerability {unknown}
 G - a scroll of magic mapping {unknown}
 H - a scroll of brand weapon {unknown}
Potions
 x - a potion of haste {unknown}
 A - 2 potions of might {unknown}
 B - a potion of flight {unknown}
 J - a potion of heal wounds {unknown}
 O - a potion of lignification {unknown}
 R - a potion of brilliance {unknown}


   Skills:
 + Level 5.2 Fighting
 + Level 1.5 Short Blades
 + Level 3.5(4.6) Axes
 + Level 4.6(5.2) Polearms
 + Level 4.3 Armour
 + Level 4.0 Dodging
 + Level 0.5 Stealth
 + Level 0.4 Shields


You had 5 spell levels left.
You didn't know any spells.
Your spell library contained the following spells:

 Spells                   Type           Power      Damage    Failure   Level
 Slow                     Hex            0%         N/A       73%         1
 Sublimation of Blood     Necr           0%         N/A       86%         2
 Wereblood                Tmut           0%         N/A       86%         2
 Confusing Touch          Hex            0%         N/A       97%         3
 Vampiric Draining        Necr           0%         2d6       97%         3
 Summon Hydra             Summ           0%         N/A       100%        7


Dungeon Overview and Level Annotations

Branches:
Dungeon (4/15)
 Temple: D:4-7

Altars:
Sif Muna

Annotations:
D:4 Grinder


Innate Abilities, Weirdness & Mutations

You have a pair of horns on your head.
You reflexively headbutt those who attack you in melee.


Message History

The orc priest is almost dead.
You closely miss something. x2; Something hits you.
Grinder blinks!
The grasping roots constrict you! The orc hits you but does no damage.
Something completely misses you. The orc priest barely misses you.
Something hits you but does no damage.
The orc priest hits you but does no damage.
Something hits you but does no damage.
You are poisoned.
The orc barely misses you. Grinder gestures at you.
You resist with significant effort. The grasping roots constrict you.
You escape the roots grasp.
You feel sick. Something hits you.
* * * LOW HITPOINT WARNING * * *
Something hits you but does no damage.
You are more poisoned.
The orc priest hits you but does no damage.
The orc barely misses you.
You slash the orc!
You kill the orc!
Trog accepts your kill.
You miss the goblin. You barely miss something. You miss something.
You completely miss the orc priest.
You feel sick. Grinder gestures at you.
You are unaffected.
Something barely misses you. Something hits you.
* * * LOW HITPOINT WARNING * * *
The orc priest calls down the wrath of Beogh upon you.
Pain shoots through your body!
* * * LOW HITPOINT WARNING * * *
The goblin hits you but does no damage.
* * * LOW HITPOINT WARNING * * *
You feel sick.
The orc priest looks satisfied for a moment.
You see here a +0 whip.
It was a potion of attraction.
You feel attractive to monsters.
* * * LOW HITPOINT WARNING * * *
You feel sick.
Something hits you but does no damage. x2
You are more poisoned.
The orc hits you with a +0 war axe.
You die...

...#.# #.. ⌠.#.# #..# .#.#
...###..## .
.........####§## ..#
#.............
...##...$.g.##.#
#.....))o.....# .
###...)@5....# .###
##....o....#
....####).####......
#..##....###...##..
#.###.....#.......##.#
#............##......#
####........##......# #
######..##.#...#....>.##.#
#.......#..............#.#
.


You could see Grinder, an orc priest, an orc and a goblin.

Vanquished Creatures
  Eustachio (D:4)
  A scorpion (D:3)
  A jelly (D:4)
  2 orc priests (D:3)
  7 adders
  3 worms
  A dart slug (D:2)
  14 orcs
  5 endoplasms
  A giant cockroach (D:1)
  5 hobgoblins
  6 jackals
  8 kobolds
  2 quokkas (D:1)
  5 ball pythons
  5 bats
  6 frilled lizards
  4 goblins
  4 rats
81 creatures vanquished.

Notes
Turn   | Place    | Note
-------+----------+-------------------------------------------
     0 | D:1      | mageguru the Minotaur Berserker began the quest for the
                  | Orb.
     0 | D:1      | Reached XP level 1. HP: 19/19 MP: 0/0
   219 | D:1      | Reached XP level 2. HP: 23/26 MP: 1/1
   397 | D:1      | Reached skill level 4 in Fighting
  1024 | D:2      | Reached XP level 3. HP: 29/33 MP: 2/2
  1409 | D:2      | Reached ** piety under Trog
  1440 | D:2      | Reached XP level 4. HP: 38/41 MP: 3/3
  2292 | D:3      | Reached skill level 1 in Short Blades
  2762 | D:3      | Noticed a scorpion
  2766 | D:3      | Killed a scorpion
  2767 | D:3      | Reached XP level 5. HP: 41/47 MP: 4/4
  2940 | D:3      | Found a shimmering blue altar of Sif Muna.
  3087 | D:3      | Reached skill level 1 in Axes
  3306 | D:4      | Noticed Eustachio
  3317 | D:4      | Reached XP level 6. HP: 33/55 MP: 5/5
  3322 | D:4      | Killed Eustachio
  3323 | D:4      | Reached skill level 5 in Fighting
  3362 | D:4      | Reached *** piety under Trog
  3437 | D:4      | Noticed Grinder
  3451 | D:4      | HP: 2/56 [poisoned by an orc wizard]
  3451 | D:4      | Slain by an orc

Illustrated notes

Levels and vault maps discovered:
D:1:      amcnicky_arrival_blooded_trapdoor, layout_basic
D:2:      layout_basic, serial_forest, infiniplex_forest_3_way,
          infiniplex_forest_end_double, infiniplex_forest_lined_room_3,
          infiniplex_forest_clump_small, infiniplex_forest_lined_3_way,
          infiniplex_forest_straight_4, infiniplex_forest_end_3,
          infiniplex_forest_lined_room_2, minmay_increasing_density
D:3:      layout_loops_corners, led_sif_pool
D:4:      layout_rooms, fountainhead, uniq_grinder, uniq_eustachio

Skill      XL: |  1  2  3  4  5  6 |
---------------+-------------------+-----
Fighting       | 4 5 |  5.2
Polearms       | 4 |  4.6
Armour         | 3 4 |  4.3
Short Blades   | 1 |  1.5
Dodging        | 3 4 |  4.0
Axes           | 1 3 |  3.5
Stealth        | |  0.5
Shields        | |  0.4

Action                     |  1- 3 |  4- 6 || total
---------------------------+-------+-------++-------
  Melee: Dagger            |    69 |    19 ||    88
         Spear             |     4 |       ||     4
         Headbutt          |    10 |    17 ||    27
         War axe           |       |    68 ||    68
    Use: Potion            |       |     1 ||     1
 Armour: Animal skin       |    12 |       ||    12
         Ring mail         |    10 |    36 ||    46
  Dodge: Dodged            |    50 |    65 ||   115
  Block: Buckler           |       |    15 ||    15
